 Dungeon Crawl Stone Soup version 0.17-a0-1570-g74b7129 (webtiles) character file.

82738 Raurakos the Severer (level 15, -7/143 HPs)
             Began as a Hill Orc Gladiator on July 19, 2015.
             Was a Priest of Ru.
             Mangled by an orc warrior
             ... wielding a +3 glaive
             ... led by Saint Roka
              (22 damage)
             ... on level 4 of the Orcish Mines on July 23, 2015.
             The game lasted 02:06:42 (26992 turns).

Raurakos the Severer (Hill Orc Gladiator)          Turns: 26992, Time: 02:06:42

Health: -7/143     AC: 18    Str: 20    XL:     15   Next: 74%
Magic:  20/20      EV: 16    Int:  8    God:    Ru [***...]
Gold:   3301       SH:  0    Dex: 25    Spells: 0 memorised, 14 levels left

rFire  . . .     SeeInvis .     a - +1 battleaxe (freeze)
rCold  . . .     Clarity  +     W - +3 plate armour "Siasy" {rElec MR+ Dex+3 Stlth+}
rNeg   . . .     SustAt   .     (no shield)
rPois  +         Gourm    .     S - +1 hat {MR+}
rElec  +         Spirit   .     Q - +0 cloak {rPois}
rCorr  .         Warding  .     N - +0 pair of gloves
rMut   .         Stasis   .     (no boots)
MR     +++..                    R - amulet of regeneration
Stlth  ..........               A - +3 ring of evasion
                                C - +6 ring of dexterity

@: exhausted, no scrolls, drained, extremely resistant to hostile enchantments,
extremely unstealthy
A: beak, clarity, low mp 1, regeneration 1, wild magic 1, inability to read
while threatened, no stealth, vulnerability to harm 1
a: Draw Out Power, Renounce Religion, Convert to Beogh


You were on level 4 of the Orcish Mines.
You worshipped Ru.
Ru was most pleased with you.
You were not hungry.

You visited 4 branches of the dungeon, and saw 24 of its levels.
You also visited: Labyrinth, Ossuary and Ice Cave.

You collected 3301 gold pieces.

Inventory:

Hand weapons
 a - a +1 battleaxe of freezing (weapon)
 b - a +0 executioner's axe
 P - a +2 longbow of flaming
Missiles
 d - 4 throwing nets
 i - 71 stones (quivered)
Armour
 e - a +0 leather armour of cold resistance
 N - a +0 pair of gloves (worn)
 Q - a +0 cloak of poison resistance (worn)
 S - a +1 hat of magic resistance (worn)
 W - the +3 plate armour "Siasy" (worn) {rElec MR+ Dex+3 Stlth+}
   (You found it in a labyrinth)

   It affects your dexterity (+3).
   It insulates you from electricity.
   It affects your resistance to hostile enchantments.
   It makes you more stealthy.
Rods
 Z - a +1 lightning rod (11/11)
   (You found it in a labyrinth)
Jewellery
 j - an uncursed ring of fire
 k - the amulet "Ceuhi" {rMut rN+ Stlth+}
   (You found it in an ice cave)

   [amulet of resist mutation]

   It protects you from mutation.
   It protects you from negative energy.
   It makes you more stealthy.
 s - an uncursed ring of teleportation
 A - a +3 ring of evasion (right hand)
 C - a +6 ring of dexterity (left hand)
 G - an uncursed amulet of the gourmand
 R - an amulet of regeneration (around neck)
 V - the ring "Jomn" {rElec rPois rC+ Int-3 Dex+3}
   (You found it in a labyrinth)

   [ring of protection from cold]

   It affects your intelligence (-3).
   It affects your dexterity (+3).
   It protects you from cold.
   It insulates you from electricity.
   It protects you from poison.
Magical devices
 m - a wand of invisibility (3)
 o - a wand of digging (6)
 y - a wand of digging (16)
 B - a wand of confusion (12)
 I - a wand of slowing (20)
 M - a wand of cold (2)
 T - a wand of enslavement (12)
 Y - a wand of paralysis (13)
Scrolls
 f - a scroll of holy word
 l - 4 scrolls of identify
 u - 2 scrolls of recharging
 v - 4 scrolls of fear
 w - a scroll of vulnerability {unknown}
 x - 8 scrolls of teleportation
 D - 3 scrolls of remove curse
 H - a scroll of fog
 L - 3 scrolls of magic mapping
 O - 2 scrolls of blinking
Potions
 c - 3 potions of haste
 g - 2 potions of resistance
 h - 4 potions of invisibility
 n - 3 potions of might
 t - 3 potions of agility
 z - 2 potions of heal wounds
 F - 6 potions of curing
 K - 3 potions of flight
 X - a potion of cure mutation
Miscellaneous
 J - a fan of gales
Comestibles
 p - a chunk of flesh
 q - a meat ration
 r - 14 bread rations


   Skills:
 + Level 15.9(15.4) Fighting
 - Level 20.0(19.5) Axes
 - Level 2.0(1.6) Throwing
 - Level 10.0(9.6) Armour
 - Level 10.0(9.6) Dodging
 - Level 10.0(9.6) Evocations


You had 14 spell levels left.
You didn't know any spells.

Dungeon Overview and Level Annotations

Branches:
Dungeon (11/15)            Temple (1/1) D:6            Lair (8/8) D:8
 Shoals (0/4) Lair:4        Snake (0/4) Lair:4        Slime (0/6) Lair:6
    Orc (4/4) D:9             Elf (0/3) Orc:4

Altars:
Ashenzari
Cheibriados
Dithmenos
Elyvilon
Fedhas
Gozag
Kikubaaqudgha
Makhleb
Nemelex Xobeh
Okawaru
Qazlal
Ru
Sif Muna
Trog
Vehumet
Xom
Yredelemnul
Zin
The Shining One
Jiyva

Shops:
Orc:2 [

Portals:
Hell: Lair:8

Annotations:
D:3 Grinder
D:8 Erica
Lair:3 Sonja
Orc:4 Saint Roka


Innate Abilities, Weirdness & Mutations

Your magical capacity is low (-10% MP).
You cannot read scrolls while threatened.
You cannot be stealthy.
You take slightly more damage. (-3 AC)
You have a beak for a mouth.
You possess an exceptional clarity of mind.
Your natural rate of healing is unusually fast.
Your spells are a little harder to cast, but a little more powerful.


Message History

Saint Roka is heavily wounded.
You slash the orc! You freeze the orc.
You kill the orc!
You slash the orc warrior! You freeze the orc warrior!
The orc warrior is almost dead.
Saint Roka mumbles some strange prayers to Beogh against you.
Something smites you!
* * * LOW HITPOINT WARNING * * *
The orc warrior hits you with a hand axe!!
* * * LOW HITPOINT WARNING * * *
Use which ability? (? or * to list)
You are restored by drawing out deep reserves of power within.
You feel drained.
Saint Roka calls out, "Join me or die!"
Saint Roka hits you with a dire flail of protection!!
* * * LOW HITPOINT WARNING * * *
The orc warrior hits you with a hand axe.
* * * LOW HITPOINT WARNING * * *
The orc warrior hits you from afar with an enchanted glaive!!
You die...

..........## ##....
..#............####...#.
..>............)#.....#.
...............)).......
...............##.....#.
...............##......#
.....o...#.....##.......
......o).......#........
......o@..#...#.........
..#...o....#.##.........
#............#....####.
#.......#.....##..##
##.....###.#...#...#
###... ####.....## #....
#####.#.## ##.#.
##.##..### #. #.......##


You could see Saint Roka and 3 orc warriors.

Vanquished Creatures
  Gastronok (D:7)
  Donald (Orc:3)
  A stone giant (Orc:3)
  Nessos (Orc:4)
  A dire elephant (Lair:8)
  A minotaur (Lab)
  Harold (Lair:3)
  3 ice dragons
  A catoblepas (Lair:8)
  4 hydras
  6 death yaks (Lair:7)
  A sun demon (Lair:8)
  A wizard (Lair:8)
  An unseen horror (Lab)
  2 ice statues (IceCv)
  A lindwurm (Lair:6)
  2 griffons
  An orc sorcerer (Orc:3)
  3 cyclopes (Orc:3)
  11 hill giants (Orc:3)
  4 elephants (Lair:7)
  12 black mambas
  Maurice (Orc:3)
  A smoke demon (Lair:8)
  2 torpor snails
  Psyche (D:8)
  12 komodo dragons
  16 spiny frogs
  3 orange demons (Lair:8)
  A hellwing (Lair:8)
  5 fire drakes
  3 blue devils (Lair:8)
  5 polar bears
  2 trolls
  2 red devils (Lair:8)
  Prince Ribbit (D:5)
  10 blink frogs
  Sigmund (D:5)
  A wyvern (Lair:4)
  A deep elf mage (D:10)
  A steam dragon (Lair:6)
  5 basilisks
  A hungry ghost (D:7)
  87 yaks
  Grum (Lair:1)
  39 wolves
  6 hippogriffs
  Menkaure (D:4)
  Edmund (D:6)
  9 wargs
  13 water moccasins
  17 orc warriors
  Duvessa (D:5)
  A wasp (D:8)
  A black bear (Lair:3)
  A hell hound (Lair:8)
  17 ice beasts
  8 porcupines
  15 ogres
  2 phantoms
  A centaur (D:9)
  24 crocodiles
  Blork the orc (D:6)
  An elf zombie (D:6)
  16 giant frogs
  2 big kobolds
  A water moccasin zombie (D:10)
  2 elf skeletons (D:6)
  4 scorpions
  Dowan (D:5)
  A vampire bat (D:3)
  2 crimson imps
  2 centaur zombies
  A giant frog zombie (D:5)
  2 jellies
  14 orc priests
  3 centaur skeletons
  3 hounds
  A quasit (D:6)
  8 worker ants
  Crazy Yiuf (D:7)
  11 iguanas
  Natasha (thrice) (D:3)
  20 orc wizards
  30 sheep
  3 mummies (Ossuary)
  2 hound zombies
  A hound skeleton (D:4)
  10 gnolls
  11 adders
  7 shadow imps
  76 river rats
  3 oozes
  3 adder zombies (Ossuary)
  2 worms
  8 giant geckos
  146 orcs
  2 ball pythons
  4 giant cockroaches
  21 hobgoblins
  4 jackals
  11 quokkas
  28 bats
  4 giant newts
  12 goblins
  A goblin zombie (Ossuary)
  A hobgoblin zombie (Ossuary)
  2 jackal zombies
  19 kobolds
  3 kobold zombies (Ossuary)
  3 orc skeletons (D:6)
  3 orc zombies (Ossuary)
  3 quokka zombies (Ossuary)
  9 rats
  4 rat zombies (Ossuary)
  A butterfly (Lair:6)
  5 fungi
  7 plants
929 creatures vanquished.

Vanquished Creatures (others)
  A hill giant (Orc:3)
  A spiny frog (Lair:6)
  An orange demon (Lair:8)
  An orc (Orc:3)
  A hobgoblin (D:2)
  A rat (D:2)
  31 fungi
  15 plants
52 creatures vanquished.

Grand Total: 981 creatures vanquished

Notes
Turn   | Place    | Note
--------------------------------------------------------------
     0 | D:1      | Raurakos the Hill Orc Gladiator began the quest for the Orb.
     0 | D:1      | Reached XP level 1. HP: 18/18 MP: 1/1
   391 | D:1      | Reached XP level 2. HP: 22/25 MP: 2/2
   460 | D:1      | Reached skill level 5 in Axes
   708 | D:1      | Reached XP level 3. HP: 28/30 MP: 3/3
  1279 | D:2      | Reached skill level 6 in Axes
  1340 | D:2      | Reached XP level 4. HP: 13/37 MP: 4/4
  1548 | D:2      | Found a stormy altar of Qazlal.
  1970 | D:3      | Noticed Grinder
  2179 | D:3      | Reached skill level 7 in Axes
  2404 | D:3      | Found a shattered altar of Ashenzari.
  2404 | D:3      | Found a basalt altar of Yredelemnul.
  2441 | D:3      | Noticed Natasha
  2500 | D:3      | Paralysed by Grinder for 3 turns
  2506 | D:3      | Reached skill level 1 in Armour
  2506 | D:3      | Reached XP level 5. HP: 15/42 MP: 1/5
  2751 | D:3      | Killed Natasha
  2868 | D:3      | Paralysed by Grinder for 5 turns
  3352 | D:4      | Noticed an ogre
  3761 | D:3      | Reached skill level 8 in Axes
  3860 | D:4      | Noticed Menkaure
  3961 | D:3      | Reached XP level 6. HP: 49/51 MP: 6/6
  4006 | D:3      | Noticed Natasha
  4019 | D:3      | Killed Natasha
  4038 | D:3      | Noticed Natasha
  4042 | D:3      | Killed Natasha
  5284 | D:5      | Entered Level 5 of the Dungeon
  5399 | D:4      | Reached skill level 5 in Fighting
  5559 | D:5      | Reached skill level 1 in Evocations
  5666 | D:5      | Found an ancient bone altar of Kikubaaqudgha.
  5732 | D:5      | Noticed Sigmund
  5772 | D:5      | Noticed Prince Ribbit
  6173 | D:5      | Reached XP level 7. HP: 59/61 MP: 7/7
  6309 | D:5      | Noticed Duvessa
  6311 | D:5      | Noticed Dowan
  6330 | D:5      | Killed Dowan
  6340 | D:5      | Killed Duvessa
  6340 | D:5      | Reached skill level 5 in Armour
  6550 | D:5      | Reached XP level 8. HP: 70/70 MP: 8/8
  6565 | D:5      | Killed Prince Ribbit
  6836 | D:5      | Noticed a hippogriff
  6852 | D:5      | Killed a hippogriff
  7081 | D:5      | Reached skill level 9 in Axes
  7200 | D:6      | Reached skill level 10 in Axes
  7226 | D:6      | Noticed Edmund
  7261 | D:6      | Killed Edmund
  7261 | D:6      | Reached XP level 9. HP: 82/82 MP: 9/9
  7321 | D:6      | Reached skill level 11 in Axes
  7381 | D:6      | Found a sand-covered staircase.
  7399 | Ossuary  | Entered an ossuary
  7686 | D:4      | Killed Menkaure
  7691 | D:4      | Killed an ogre
  7779 | D:4      | Reached skill level 12 in Axes
  7826 | D:4      | Found a sparkling altar of Nemelex Xobeh.
  7838 | D:4      | Found a glowing silver altar of Zin.
  8165 | D:5      | Killed Sigmund
  8333 | D:6      | Noticed Blork the orc
  8522 | D:6      | Found a staircase to the Ecumenical Temple.
  8533 | Temple   | Entered the Ecumenical Temple
  8563 | Temple   | Became a worshipper of Ru the Awakened
  8882 | D:6      | Killed Blork the orc
  9073 | D:6      | Reached skill level 10 in Fighting
  9614 | D:7      | Reached XP level 10. HP: 89/93 MP: 10/10
  9851 | D:7      | Noticed Crazy Yiuf
  9866 | D:7      | Killed Crazy Yiuf
 10001 | D:8      | Found a shimmering altar of Xom.
 10049 | D:7      | Reached skill level 5 in Dodging
 10074 | D:8      | Noticed Gastronok
 10228 | D:7      | Killed Gastronok
 10347 | D:8      | Found an iron altar of Okawaru.
 10386 | D:8      | Got a crude robe
 10404 | D:8      | Noticed Psyche
 10422 | D:8      | Killed Psyche
 10534 | D:8      | Reached skill level 13 in Axes
 10553 | D:8      | Found a blossoming altar of Fedhas.
 10607 | D:8      | Noticed Erica
 10952 | D:8      | Reached XP level 11. HP: 75/99 MP: 15/15
 10993 | D:8      | Found a staircase to the Lair.
 11371 | D:9      | Reached skill level 14 in Axes
 11587 | D:9      | Found a staircase to the Orcish Mines.
 11838 | D:9      | Found a stormy altar of Qazlal.
 12158 | D:10     | Entered Level 10 of the Dungeon
 12298 | D:10     | Found a glowing silver altar of Zin.
 12552 | D:10     | Reached skill level 15 in Axes
 12968 | Lair:1   | Entered Level 1 of the Lair of Beasts
 12999 | Lair:1   | Gained mutation: You possess an exceptional clarity of mind. [potion of mutation]
 12999 | Lair:1   | Gained mutation: Your natural rate of healing is unusually fast. [potion of mutation]
 12999 | Lair:1   | Gained mutation: Your spells are a little harder to cast, but a little more powerful. [potion of mutation]
 13002 | Lair:1   | Gained mutation: You have a beak for a mouth. [potion of beneficial mutation]
 13156 | Lair:1   | Reached skill level 16 in Axes
 13453 | Lair:1   | Noticed Grum
 13486 | Lair:1   | Noticed a six-headed hydra
 13712 | Lair:1   | Reached skill level 17 in Axes
 13739 | Lair:1   | Reached XP level 12. HP: 49/106 MP: 16/16
 13782 | Lair:1   | Killed Grum
 13925 | Lair:1   | Reached skill level 18 in Axes
 14056 | Lair:1   | Gained mutation: You cannot read scrolls while threatened. [Ru sacrifice]
 14056 | Lair:1   | Acquired Ru's first power
 14319 | Lair:1   | Upgraded the game from 0.17-a0-1554-g3b847ca to 0.17-a0-1562-g9b2c768
 15565 | Lair:2   | You fall through a shaft for 2 floors!
 15736 | Lair:3   | Noticed Harold
 15751 | Lair:3   | Killed Harold
 15811 | Lair:3   | Noticed Sonja
 16156 | Lair:3   | Reached XP level 13. HP: 102/122 MP: 17/17
 16305 | Lair:3   | Upgraded the game from 0.17-a0-1562-g9b2c768 to 0.17-a0-1564-g7b572aa
 16555 | Lair:3   | Gained mutation: You take slightly more damage. (-3 AC) [Ru sacrifice]
 16555 | Lair:3   | Acquired Ru's second power
 16898 | Lair:4   | Found a staircase to the Snake Pit.
 17062 | Lair:4   | Found a staircase to the Shoals.
 17868 | Lair:4   | Reached skill level 15 in Fighting
 18878 | Lair:5   | Gained mutation: You cannot be stealthy. [Ru sacrifice]
 18878 | Lair:5   | Acquired Ru's third power
 18999 | Lair:5   | Reached skill level 19 in Axes
 20212 | Lair:6   | Found a staircase to the Slime Pits.
 20213 | Lair:6   | Found a viscous altar of Jiyva.
 20336 | Lair:6   | Reached XP level 14. HP: 111/135 MP: 18/18
 20396 | Lair:6   | Reached skill level 20 in Axes
 21595 | Lair:7   | Identified a scroll of acquirement
 22108 | Lair:8   | Entered Level 8 of the Lair of Beasts
 22183 | Lair:8   | Found a labyrinth entrance.
 22361 | Lab      | Entered a labyrinth
 22612 | Lab      | Got a wavering steel ring
 22614 | Lab      | Got a brightly glowing executioner's axe
 22616 | Lab      | Got a smoking plate armour
 22619 | Lab      | Got a crystal quarterstaff
 22620 | Lab      | Identified the +5 quarterstaff of Greed {crush, +Blink MP+9} (You found it in a labyrinth)
 22706 | Lair:8   | Identified the +6 executioner's axe of Triumph {venom, rPois rF+ Str-4 SInv} (You found it in a labyrinth)
 22727 | Lair:8   | Identified the +3 plate armour "Siasy" {rElec MR+ Dex+3 Stlth+} (You found it in a labyrinth)
 22787 | Lair:6   | Upgraded the game from 0.17-a0-1564-g7b572aa to 0.17-a0-1570-g74b7129
 22803 | Lair:7   | Identified the ring "Jomn" {rElec rPois rC+ Int-3 Dex+3} (You found it in a labyrinth)
 22977 | Lair:8   | Reached skill level 10 in Dodging
 23500 | Lair:8   | Reached XP level 15. HP: 129/141 MP: 19/19
 23606 | Lair:8   | Reached skill level 10 in Armour
 23625 | Lair:8   | Found a burning altar of Makhleb.
 23636 | Lair:8   | Found a gateway to Hell.
 23997 | Orc:1    | Entered Level 1 of the Orcish Mines
 24123 | Orc:2    | Found Ebaewnov's Antique Armour Boutique.
 24160 | Orc:2    | Found a frozen archway.
 24216 | IceCv    | Entered an ice cave
 24608 | IceCv    | Got a smoking silver amulet
 24609 | IceCv    | Identified the amulet "Ceuhi" {rMut rN+ Stlth+} (You found it in an ice cave)
 25218 | Orc:2    | Found a burning altar of Makhleb.
 25980 | Orc:3    | Found a bloodstained altar of Trog.
 26384 | Orc:3    | Reached skill level 10 in Evocations
 26409 | Orc:3    | Gained mutation: Your magical capacity is low (-10% MP). [Ru sacrifice]
 26725 | Orc:4    | Entered Level 4 of the Orcish Mines
 26725 | Orc:4    | Noticed Donald
 26725 | Orc:4    | Noticed Maurice
 26725 | Orc:4    | Noticed Nessos
 26740 | Orc:3    | Killed Donald
 26764 | Orc:3    | Killed Maurice
 26806 | Orc:4    | Killed Nessos
 26979 | Orc:4    | Found a staircase to the Elven Halls.
 26980 | Orc:4    | Noticed Saint Roka
 26992 | Orc:4    | Mangled by an orc warrior

Vault maps used:
D:1:      onia_arrival_mini_maze
D:2:      wad_pebble_path, nicolae_qazlal_eye_of_the_storm
D:3:      gammafunk_temple_overflow_wave, lightli_sewer_entry_pipes,
          kennysheep_nondescript, roderic_batcave, uniq_grinder, uniq_natasha
D:4:      amethyst_overflow_temple_binary, first_bread, uniq_menkaure
D:5:      lemuel_doored_altar, minmay_misc_feat_cross, uniq_prince_ribbit1,
          uniq_duvessa, uniq_sigmund
D:6:      lemuel_upstairs_altar, minmay_temple_entry_fiery,
          nicolae_ossuary_entry_catacombs, uniq_blork_the_orc, uniq_edmund
D:7:      uniq_crazy_yiuf_cottage
D:8:      lemuel_crystal_altar, okawaru_gym_becter, erik_lair_orcish_takeover,
          basic_altar, uniq_erica, uniq_psyche, uniq_gastronok
D:9:      hiddenorc2_lemuel, basic_altar
D:10:     basic_altar
D:11:     uniq_nergalle
Temple:   oiseaux_autumnal_temple_12
Lair:1:   grunt_megastairs_4, uniq_grum
Lair:2:   serial_bayou_shore_a
Lair:3:   uniq_sonja, uniq_harold
Lair:4:   elwin_shoals_entry_rocks, minmay_snake_entry_six_corridors,
          st_stairs_7
Lair:5:   dragon1_lemuel, st_stairs_7, grunt_megastairs_1
Lair:6:   slime_altar_1, grunt_megastairs_3, lemuel_fruit_fields
Lair:7:   serial_bayou_shore_b
Lair:8:   evil_forest, lab_entry_generic
Orc:1:    nicolae_orc_accident_1
Orc:2:    portal_ice_cave_entry_animals_and_master, serial_shops,
          nicolae_shop_crystal, statue_in_the_mist_lemuel, bloody_makhleb
Orc:3:    giant_chief_lemuel, basic_altar, nicolae_orc_pool_cavern
Orc:4:    grunt_orc_tribal_feast, serial_shops,
          nicolae_shop_temple_entry_statues_fountains, uniq_donald,
          uniq_maurice, uniq_nessos, uniq_saint_roka
Lab:      labyrinth_hidden_loot, nicolae_lab_plus, labyrinth_skeletal_remains,
          nicolae_lab_grate, lab_fountain
Ossuary:  ossuary_minmay_chase
IceCv:    ice_cave_small_dragons

Action                   |  1- 3 |  4- 6 |  7- 9 | 10-12 | 13-15 || total
-------------------------+-------+-------+-------+-------+-------++-------
Melee: War axe           |   121 |   295 |   122 |       |       ||   538
       Hand axe          |       |    41 |   359 |   138 |       ||   538
       Broad axe         |       |       |    17 |   765 |   169 ||   951
       Battleaxe         |       |       |       |       |  1251 ||  1251
       Executioner's axe |       |       |       |       |     3 ||     3
Throw: Stone             |    12 |    15 |       |       |     1 ||    28
       Throwing net      |       |     3 |     2 |       |       ||     5
Invok: Reject Sacrifices |       |       |       |     2 |       ||     2
       Sacrifice Words   |       |       |       |     1 |       ||     1
       Sacrifice Health  |       |       |       |       |     1 ||     1
       Sacrifice Stealth |       |       |       |       |     1 ||     1
       Draw Out Power    |       |       |       |       |     3 ||     3
       Sacrifice Essence |       |       |       |       |     1 ||     1
 Abil: Evoke Teleportati |       |     6 |       |     6 |     2 ||    14
Evoke: Wand              |       |       |       |     5 |    19 ||    24
  Use: Scroll            |       |     7 |     4 |    19 |     7 ||    37
       Potion            |       |       |       |     3 |       ||     3
 Stab: Sleeping          |     1 |       |       |     1 |       ||     2
       Held in net/web   |       |       |     3 |       |       ||     3
       Paralysed         |       |       |       |     4 |     4 ||     8
       Invisible         |       |       |       |       |     9 ||     9
       Confused          |       |       |       |       |     5 ||     5
       Distracted        |       |       |       |       |     2 ||     2
  Eat: Chunk             |     2 |    25 |    18 |    50 |    86 ||   181
